 Dungeon Crawl Stone Soup version 0.28-a0-691-gad6df49e81 (webtiles) character file.

Game seed: 17599212432188826943

2 cheechan the Sneak (level 1, 0/21 HPs)
             Began as a Naga Monk on Oct 21, 2021.
             Slain by a hobgoblin (4 damage)
             ... on level 1 of the Dungeon.
             The game lasted 00:00:21 (98 turns).

cheechan the Sneak (Naga Monk)                        Turns: 98, Time: 00:00:22

Health: 0/21       AC:  1    Str: 13    XL:     1   Next: 30%
Magic:  1/1        EV: 10    Int: 10    God:
Gold:   0          SH:  0    Dex: 13    Spells: 0/0 levels left

rFire   . . .      SeeInvis +   a - +0 hand axe
rCold   . . .      Faith    .   (no shield)
rNeg    . . .      Spirit   .   b - +0 robe
rPois   +          Reflect  .   (no helmet)
rElec   .          Harm     .   (no cloak)
rCorr   .          Rampage  .   (no gloves)
Will    .....                   (no barding)
Stlth   ++........              (no amulet)
HPRegen 0.07/turn               (no ring)
MPRegen 0.07/turn               (no ring)

@: short of breath, very slow
A: AC +0, large, see invisible, deformed body, poison resistance, slowness 2,
spit poison 1, naga tail 1
a: Spit Poison


You were on level 1 of the Dungeon.
You visited 1 branch of the dungeon, and saw 1 of its levels.

Inventory:

Hand Weapons
 a - a +0 hand axe (weapon)
Armour
 b - a +0 robe (worn)


   Skills:
 + Level 3.0 Fighting
 + Level 3.0 Axes
 + Level 2.5 Dodging
 + Level 3.0 Stealth


You couldn't memorise any spells.
You didn't know any spells.
Your spell library was empty.

Dungeon Overview and Level Annotations

Branches:
Dungeon (1/15)

Altars:


Innate Abilities, Weirdness & Mutations

Your serpentine skin is tough. (AC +0)
You have supernaturally acute eyesight. (SInv)
Armour fits poorly on your strangely shaped body.
Your system is resistant to poisons. (rPois)
You cover ground very slowly.
You can spit poison.
You have a snake-like lower body.


Message History

The kobold shouts!
A bat and a hobgoblin come into view.
The kobold closely misses you.
You hit the kobold.
The kobold is moderately wounded.
The kobold barely misses you. The hobgoblin barely misses you.
The kobold closely misses you.
You miss the kobold.
The kobold is moderately wounded.
You closely miss the hobgoblin. The hobgoblin hits you.
The kobold hits you with a +0 whip.
You hit the kobold but do no damage.
The kobold is moderately wounded.
You barely miss the hobgoblin. The hobgoblin misses you.
The kobold hits you with a +0 whip.
You closely miss the kobold.
The kobold is moderately wounded.
You hit the hobgoblin. The hobgoblin closely misses you.
The kobold hits you with a +0 whip.
You closely miss the kobold.
The kobold is moderately wounded.
You hit the hobgoblin. The hobgoblin hits you.
The kobold hits you with a +0 whip.
* * * LOW HITPOINT WARNING * * *
You hit the kobold but do no damage.
The kobold is moderately wounded.
You barely miss the hobgoblin.
The hobgoblin hits you but does no damage.
The kobold barely misses you.
You barely miss the kobold.
The kobold is moderately wounded.
You closely miss the hobgoblin. The hobgoblin barely misses you.
The kobold hits you but does no damage.
Press: ? - help, Shift-Dir - straight line, f - kobold
Aim: a kobold, wielding a +0 whip (moderately wounded)
The splash of poison misses the kobold.
The splash of poison hits the bat.
The bat is poisoned.
The bat is severely wounded.
The hobgoblin hits you.
You die...

#.# .# #.# .#
#.# .# #.# .#
#.# .#
#.##.###### #
##.#........
#.#.@Kb.#
#....g..#
###....## .#
##.#.# ..
#.#.# .#
#.#.# .#
#.#.# .#
#.#.# .#
#.#.#######.#


You could see a hobgoblin, a bat (poisoned) and a kobold.

Vanquished Creatures
  An endoplasm (D:1)
  A rat (D:1)
2 creatures vanquished.

Notes
Turn   | Place    | Note
-------+----------+-------------------------------------------
     0 | D:1      | cheechan the Naga Monk began the quest for the Orb.
     0 | D:1      | Reached XP level 1. HP: 21/21 MP: 1/1
    98 | D:1      | Slain by a hobgoblin

Illustrated notes

Levels and vault maps discovered:
D:1:      minmay_arrival_solitary_statue, layout_loops_ring,
          shapermc_ecumenical_altar_mp_vishouse

Action                   || total
-------------------------++-------
Melee: Hand axe          ||     9
 Abil: Spit Poison       ||     1
Armor: Robe              ||     2
Dodge: Dodged            ||     8

Table legend: (Time is in decaauts)
 A = Elapsed time spent in this place.
 B = Non-inter-level travel time spent in this place.
 C = Inter-level travel time spent in this place.
 D = Time resting spent in this place.
 E = Time spent auto-exploring this place.
 F = Levels seen in this place.
 G = Mean time per level.
                   A        B        C        D        E       F      G
               +--------+--------+--------+--------+--------+-----+--------+
         Total |    133 |    133 |      0 |      0 |      0 |   1 |  133.0 |
       Dungeon |    133 |    133 |      0 |      0 |      0 |   1 |  133.0 |
               +--------+--------+--------+--------+--------+-----+--------+

Top non-repeatable levels by time:
     D:1: 133 daAuts
